 Dungeon Crawl Stone Soup version 0.24.1-4-ge52af88ad5 (webtiles) character file.

Game seed: 11208510158038430497, levelgen mode: deterministic

1608 raph the Slicer (level 9, 0/54 (55) HPs)
             Began as a Halfling Warper on Apr 21, 2020.
             Was a Believer of Okawaru.
             Slain by a wight
             ... wielding a +4 great sword
              (10 damage)
             ... on level 7 of the Dungeon.
             The game lasted 00:16:03 (8441 turns).

raph the Slicer (Halfling Warper)                   Turns: 8441, Time: 00:16:04

HP:   0/54 (55)     AC:  9    Str: 12    XL:     9   Next: 16%
MP:   12/12         EV: 15    Int: 12    God:    Okawaru [**....]
Gold: 344           SH:  0    Dex: 16    Spells: 2/12 levels left

rFire    . . .     SeeInvis +   a - +9 rapier "Sicidurch" {drain, +Inv SInv}
rCold    . . .     Gourm    .   (shield restricted)
rNeg     . . .     Faith    .   n - +0 leather armour
rPois    .         Spirit   .   r - +2 helmet
rElec    .         Reflect  .   (no cloak)
rCorr    .         Harm     .   u - +2 pair of gloves
MR       .....                  (no boots)
Stlth    +.........             (no amulet)
HPRegen  0.18/turn              (no ring)
MPRegen  0.13/turn              (no ring)

@: lightly drained
A: small, mutation resistance 1
a: Heroism, Renounce Religion, Evoke Invisibility


You were on level 7 of the Dungeon.
You worshipped Okawaru.
Okawaru was pleased with you.
You were not hungry.

You visited 1 branch of the dungeon, and saw 7 of its levels.

You collected 344 gold pieces.

Inventory:

Hand Weapons
 a - the +9 rapier "Sicidurch" (weapon) {drain, +Inv SInv}
   (You found it on level 4 of the Dungeon)

   A truly terrible weapon, it drains the life of those it strikes.
   It lets you see invisible.
   It lets you turn invisible.
 b - a +0 hunting sling
 z - a +3 dagger
Missiles
 e - a boomerang of dispersal (quivered)
 t - 136 stones
 v - 8 poisoned darts
 w - a throwing net
 x - 11 boomerangs
Armour
 n - a +0 leather armour (worn)
 r - a +2 helmet (worn)
 u - a +2 pair of gloves (worn)
Jewellery
 y - an uncursed amulet of the acrobat
Scrolls
 c - a scroll of identify
 d - 2 scrolls of blinking
 g - 2 scrolls of remove curse
 h - 3 scrolls of teleportation
 p - 5 scrolls of magic mapping
Potions
 i - a potion of agility {unknown}
 j - 2 potions of heal wounds {unknown}
 k - 4 potions of invisibility
 l - 2 potions of cancellation
 m - 2 potions of haste
 o - 2 potions of curing
 s - a potion of degeneration
 A - a potion of berserk rage {unknown}
Comestibles
 f - 7 rations


   Skills:
 - Level 2.7(2.3) Fighting
 * Level 10.9(10.4) Short Blades
 - Level 1.0(0.6) Throwing
 - Level 1.1(0.7) Armour
 - Level 3.2(2.8) Dodging
 - Level 2.3(1.9) Spellcasting
 - Level 1.5(1.2) Charms
 - Level 5.2(4.8) Translocations
 - Level 2.3(1.9) Invocations


You had 2 spell levels left.
You knew the following spells:

 Your Spells              Type           Power        Failure   Level  Hunger
a - Blink                 Tloc           N/A          8%          2    ###....
b - Shroud of Golubria    Chrm/Tloc      #.....       16%         2    ###....
c - Teleport Other        Tloc           ##......     14%         3    ####...
d - Gell's Gravitas       Tloc           ##........   14%         3    ####...

Your spell library contained the following spells:

 Spells                   Type           Power        Failure   Level  Hunger
 Beastly Appendage        Tmut           #.....       34%         1    ##.....
 Sticks to Snakes         Tmut           #.......     47%         2    ###....
 Lesser Beckoning         Tloc           ##........   14%         3    ####...
 Passage of Golubria      Tloc           N/A          43%         4    #####..
 Spider Form              Tmut/Pois      #.........   71%         3    ####...
 Ice Form                 Ice/Tmut       #.......     98%         4    #####..
 Blade Hands              Tmut           #.........   100%        5    ######.


Dungeon Overview and Level Annotations

Branches:
Dungeon (7/15)             Temple (0/1) D:6

Altars:
Ashenzari
Okawaru
Ru
Sif Muna
Xom
Zin
The Shining One


Innate Abilities, Weirdness & Mutations

You are small and have problems with some larger weapons.
You are somewhat resistant to further mutation.


Message History

The wight hits you with a +4 great sword!
* * * LOW HITPOINT WARNING * * *
You feel drained.
* * * LOW HITPOINT WARNING * * *
You hit the wight.
The wight is heavily damaged.
You hit the wight.
The wight is almost destroyed.
The wight barely misses you.
You closely miss the wight.
The wight is almost destroyed.
You hit the wight.
The wight is almost destroyed.
The wight closely misses you.
You barely miss the wight.
The wight is almost destroyed.
You hit the wight.
The wight is almost destroyed.
The wight hits you with a +4 great sword!
You die...

## ## #. .# #.###
.# #.... .# #...##
.#
###..<.####.###...
+........†@z.>....
####...########.##
#..#######
#........#
#..#####.# #'#
#..# #.# #.# #..#
#.# #.# ##.# #.#
#.## #.#####.#


You could see a wight.

Vanquished Creatures
  Prince Ribbit (D:5)
  A hungry ghost (D:7)
  2 ogres
  An orc warrior (D:6)
  A necrophage (D:7)
  A phantom (D:6)
  A centaur (D:7)
  2 scorpions
  A howler monkey (D:5)
  2 crimson imps
  A bullfrog zombie (D:6)
  A hound (D:4)
  3 orc priests (D:6)
  4 orc wizards
  An iguana (D:6)
  2 worker ants (D:5)
  A howler monkey skeleton (D:4)
  3 gnolls (D:5)
  8 adders
  A shadow imp (D:7)
  2 adder skeletons
  4 worms
  2 dart slugs
  4 leopard geckos
  10 orcs
  2 ball pythons
  4 giant cockroaches
  3 goblins
  6 hobgoblins
  5 jackals
  2 quokkas
  4 bats
  A frilled lizard (D:3)
  A jackal skeleton (D:5)
  7 kobolds
  A leopard gecko skeleton (D:6)
  4 rats
100 creatures vanquished.

Vanquished Creatures (others)
  An orc wizard (D:6)
1 creature vanquished.

Grand Total: 101 creatures vanquished

Notes
Turn   | Place    | Note
-------+----------+-------------------------------------------
     0 | D:1      | raph the Halfling Warper began the quest for the Orb.
     0 | D:1      | Reached XP level 1. HP: 14/14 MP: 3/3
   375 | D:1      | Reached XP level 2. HP: 19/19 MP: 4/4
   382 | D:1      | Learned a level 2 spell: Blink
   387 | D:1      | Reached skill level 3 in Short Blades
   560 | D:1      | Reached XP level 3. HP: 21/24 MP: 5/5
   989 | D:2      | Learned a level 2 spell: Shroud of Golubria
  1187 | D:2      | Found a sacrificial altar of Ru.
  1259 | D:2      | Reached XP level 4. HP: 23/29 MP: 4/7
  1442 | D:2      | Reached skill level 4 in Short Blades
  2030 | D:2      | Reached skill level 1 in Charms
  2373 | D:2      | Reached XP level 5. HP: 24/34 MP: 5/8
  2936 | D:3      | Found an iron altar of Okawaru.
  3159 | D:3      | Became a worshipper of Warmaster Okawaru
  4914 | D:4      | Reached XP level 6. HP: 30/39 MP: 9/9
  4983 | D:4      | Learned a level 3 spell: Teleport Other
  5147 | D:4      | Found a shattered altar of Ashenzari.
  5175 | D:4      | Got a scorched rapier
  5176 | D:4      | Identified the +9 rapier "Sicidurch" {drain, +Inv SInv}
                  | (You found it on level 4 of the Dungeon)
  5246 | D:4      | Reached skill level 1 in Invocations
  5534 | D:4      | Reached skill level 5 in Short Blades
  5679 | D:4      | Noticed an ogre
  5690 | D:4      | Killed an ogre
  6107 | D:5      | Entered Level 5 of the Dungeon
  6124 | D:5      | Reached * piety under Okawaru
  6124 | D:5      | Reached XP level 7. HP: 44/45 MP: 10/10
  6179 | D:5      | Noticed Prince Ribbit
  6398 | D:5      | Found a glowing golden altar of the Shining One.
  6430 | D:5      | Killed Prince Ribbit
  6430 | D:5      | Reached skill level 6 in Short Blades
  6430 | D:5      | Reached skill level 5 in Translocations
  6545 | D:5      | Found a shimmering blue altar of Sif Muna.
  6576 | D:5      | Found a glowing silver altar of Zin.
  6638 | D:5      | Learned a level 3 spell: Gell's Gravitas
  6782 | D:6      | Found a shimmering altar of Xom.
  6784 | D:6      | Found a shimmering altar of Xom.
  6831 | D:6      | Found a staircase to the Ecumenical Temple.
  6881 | D:6      | Reached XP level 8. HP: 51/51 MP: 11/11
  6899 | D:6      | Reached skill level 7 in Short Blades
  7180 | D:6      | Reached skill level 8 in Short Blades
  7269 | D:6      | Found a shimmering altar of Xom.
  7275 | D:6      | Found a shimmering altar of Xom.
  7278 | D:6      | Found a shimmering altar of Xom.
  7284 | D:6      | Found a shimmering altar of Xom.
  7717 | D:6      | Found a shimmering blue altar of Sif Muna.
  7869 | D:6      | Reached skill level 9 in Short Blades
  7953 | D:6      | Reached ** piety under Okawaru
  8198 | D:7      | Reached skill level 10 in Short Blades
  8211 | D:7      | Reached XP level 9. HP: 39/55 MP: 10/12
  8441 | D:7      | Slain by a wight

Levels and vault maps discovered:
D:1:      kilobyte_arrival_exit_the_forest, layout_rooms
D:2:      layout_loops_ring, nicolae_ru_great_annihilating_truth
D:3:      layout_loops_ring, okawaru_metal_pillars_1_2
D:4:      layout_layer_cave, lemuel_crystal_altar
D:5:      layout_rooms, zin_statuary, kennysheep_little_box, first_ration,
          basic_altar, uniq_prince_ribbit1
D:6:      layout_gridville, xom_redecorated, lemuel_doored_altar, temple_statues
D:7:      layout_loops_corners

Skill      XL: |  1  2  3  4  5  6  7  8 |
---------------+-------------------------+-----
Short Blades   | 3 4 5 6 10 | 10.9
Spellcasting   | 2 |  2.3
Translocations | 4 5 |  5.2
Charms         | 1 |  1.5
Fighting       | 2 |  2.7
Invocations    | 1 2 |  2.3
Dodging        | 3 |  3.2
Throwing       | |  1.0
Armour         | |  1.1

Action                   |  1- 3 |  4- 6 |  7- 9 || total
-------------------------+-------+-------+-------++-------
Melee: Short sword       |   100 |   260 |       ||   360
       Rapier            |       |    16 |   128 ||   144
Throw: Boomerang         |       |       |     4 ||     4
 Cast: Shroud of Golubri |     2 |    20 |     4 ||    26
       Blink             |       |     6 |       ||     6
       Teleport Other    |       |     1 |     1 ||     2
       Gell's Gravitas   |       |       |     3 ||     3
Invok: Heroism           |       |       |     2 ||     2
  Use: Scroll            |       |    15 |     1 ||    16
 Stab: Sleeping          |       |     2 |       ||     2
  Eat: Chunk             |     1 |     9 |     5 ||    15
       Ration            |       |     2 |     2 ||     4
Armor: Leather armour    |    14 |    70 |    21 ||   105
Dodge: Dodged            |    60 |   198 |    74 ||   332
